 Dungeon Crawl Stone Soup version 0.21-a0-95-g06f091e (webtiles) character file.

4978 grindst0ne the Alchemist (level 10, -7/65 HPs)
             Began as a Merfolk Transmuter on July 4, 2017.
             Was an Initiate of Gozag.
             Mangled by an orc warrior
             ... wielding a +2 glaive of flaming
              (8 damage)
             ... on level 10 of the Dungeon.
             The game lasted 00:28:13 (11971 turns).

grindst0ne the Alchemist (Merfolk Transmuter)      Turns: 11971, Time: 00:28:14

Health: -7/65      AC:  5    Str: 13    XL:     10   Next: 53%
Magic:  8/13       EV: 21    Int: 11    God:    Gozag
Gold:   786        SH:  0    Dex: 20    Spells: 3/13 levels left

rFire    . . .     SeeInvis +     - Unarmed
rCold    . . .     Gourm    .   (shield currently unavailable)
rNeg     . . .     Faith    .   (armour currently unavailable)
rPois    x         Spirit   .   (helmet currently unavailable)
rElec    .         Reflect  .   (cloak currently unavailable)
rCorr    .         Harm     .   (gloves currently unavailable)
MR       .....                  (boots currently unavailable)
Stlth    +.........             (no amulet)
HPRegen  0.20/turn              I - +3 ring of protection
MPRegen  0.13/turn              i - ring "Ucwanle" {+Blink Int-2 SInv Stlth-}

@: spider-form (expiring)
A: (change form in water), (swift swim), (stealthy swim)
a: End Transformation, Potion Petition, Call Merchant, Bribe Branch, Renounce
Religion, Evoke Blink


You were on level 10 of the Dungeon.
You worshipped Gozag.
Gozag was pleased with you.
You were not hungry.
You were a venomous arachnid creature.
You visited 2 branches of the dungeon, and saw 11 of its levels.

You collected 1025 gold pieces.
You spent 120 gold pieces at shops.
You paid 119 gold pieces to Gozag.

Inventory:

Missiles
 E - 6 arrows
 N - 3 throwing nets (quivered)
Armour
 a - the +1 robe of Anaosaurgh {rN+}
   (You found it on level 5 of the Dungeon)

   It protects you from negative energy.
 f - a +0 pair of gloves (melded)
 g - a +0 pair of boots (melded)
 D - a +0 helmet
 G - a +1 helmet (melded)
 H - a +0 cloak (melded)
 K - a +2 robe of cold resistance (melded)
Jewellery
 i - the ring "Ucwanle" (right front leg) {+Blink Int-2 SInv Stlth-}
   (You found it on level 5 of the Dungeon)

   [ring of loudness]

   It affects your intelligence (-2).
   It lets you see invisible.
   It lets you blink.
   It makes you less stealthy.
 p - an uncursed ring of protection from fire
 I - a +3 ring of protection (left front leg)
Wands
 q - a wand of digging (10/24)
 F - a wand of paralysis (11/24)
 J - a wand of clouds (0/9)
 M - a wand of paralysis (5/24)
Scrolls
 e - 3 scrolls of amnesia
 h - 11 scrolls of teleportation
 o - 4 scrolls of remove curse
 s - a scroll of fear
 y - a scroll of enchant armour {unknown}
 A - a scroll of recharging
 B - a scroll of enchant weapon {unknown}
Potions
 b - 3 potions of mutation
 j - 4 potions of heal wounds
 k - a potion of cancellation
 l - 6 potions of curing
 n - 4 potions of haste
 u - a potion of flight
 v - a potion of agility
 w - a potion of brilliance
 z - a potion of berserk rage
 C - 2 potions of ambrosia
 L - 2 potions of resistance
Books
 c - a book of Changes

   Spells                             Type                      Level
   a - Beastly Appendage              Transmutation                1
   b - Sticks to Snakes               Transmutation                2
   c - Spider Form                    Transmutation/Poison         3
   d - Ice Form                       Ice/Transmutation            4
   e - Blade Hands                    Transmutation                5
 t - a book of Debilitation

   Spells                             Type                      Level
   a - Corona                         Hexes                        1
   b - Slow                           Hexes                        2
   c - Inner Flame                    Hexes/Fire                   3
   d - Portal Projectile              Hexes/Translocation          3
   e - Cause Fear                     Hexes                        4
   f - Leda's Liquefaction            Hexes/Earth                  4
Comestibles
 d - 4 bread rations
 m - a royal jelly
 r - 6 meat rations
 x - 2 fruits


   Skills:
 - Level 1.1 Fighting
 - Level 2.6 Dodging
 + Level 10.2 Unarmed Combat
 - Level 2.0 Spellcasting
 * Level 15.4 Transmutations


You had 3 spell levels left.
You knew the following spells:

 Your Spells              Type           Power        Failure   Level  Hunger
a - Beastly Appendage     Tmut           ####..       1%          1    ##.....
b - Spider Form           Tmut/Pois      ###.......   12%         3    ####...
c - Sticks to Snakes      Tmut           ####....     1%          2    ###....
d - Ice Form              Ice/Tmut       ###.....     28%         4    #####..


Dungeon Overview and Level Annotations

Branches:
Dungeon (10/15)            Temple (1/1) D:7            Lair (0/6) D:9
    Orc (0/2) D:10

Altars:
Ashenzari
Cheibriados
Dithmenos
Elyvilon
Fedhas
Gozag
Hepliaklqana
Kikubaaqudgha
Makhleb
Nemelex Xobeh
Okawaru
Qazlal
Ru
Sif Muna
Trog
Uskayaw
Vehumet
Wu Jian
Xom
Yredelemnul
Zin
The Shining One

Shops:
D:4 [}![[


Message History

The orc warrior misses you.
Your adder bites the orc warrior but does no damage.
Your ball python closely misses the orc.
Your ball python barely misses the orc.
Your adder barely misses the orc warrior.
The orc hits your ball python with a hand axe.
Your ball python dies!
The orc warrior hits you from afar with a glaive of flaming!
* * * LOW HITPOINT WARNING * * *
The orc warrior burns you.
* * * LOW HITPOINT WARNING * * *
The orc hits your adder but does no damage.
Your adder bites the orc.
The orc misses your adder.
You feel better.
Your transformation is almost over.
The orc warrior hits you from afar with a glaive of flaming!!
* * * LOW HITPOINT WARNING * * *
The orc warrior burns you!
You die...
Your body crumbles into a pile of gold. # .# $$$ # #####.### oo$ #. #####+##......... $oo

#$ #................
#o#$##.o.s............
####oo$#S#####..........
.oo.o8.#.# #..........
#.o$oS# #..........
##.##o# #.......## ..
..# #..<....# ...
...............# ...
................# ..
.................#


You could see an orc warrior and a friendly adder.

Vanquished Creatures
  A two-headed ogre (D:8)
  Pikel (D:8)
  Menkaure (D:5)
  2 hell hounds (D:9)
  A sky beast (D:7)
  An orc warrior (D:9)
  6 ogres
  A phantom (D:6)
  2 ice beasts
  A slave (D:8)
  2 necrophages
  A centaur (D:5)
  Blork the orc (D:5)
  A big kobold (D:8)
  A gnoll sergeant (D:8)
  4 bullfrogs
  3 scorpions
  4 killer bees (D:9)
  13 wights
  The ghost of grindst0ne the Changer, a weakling MfTm (D:3)
  5 crimson imps
  A centaur skeleton (D:8)
  A jelly (D:6)
  An orc priest (D:10)
  4 orc wizards
  3 bullfrog skeletons
  A centaur zombie (D:5)
  5 hounds
  Crazy Yiuf (D:5)
  3 iguanas
  3 worker ants
  2 hound skeletons
  8 gnolls
  6 adders
  A shadow imp (D:4)
  An adder skeleton (D:7)
  An adder zombie (D:5)
  A worm (D:2)
  2 dart slugs
  8 leopard geckos
  30 orcs
  2 ball pythons
  2 giant cockroaches (D:4)
  9 goblins
  4 hobgoblins
  8 jackals
  14 kobolds
  7 quokkas
  8 bats
  7 frilled lizards
  A jackal skeleton (D:5)
  2 quokka skeletons
  6 rats
206 creatures vanquished.

Vanquished Creatures (collateral kills)
  A big kobold (D:7)
  2 gnolls (D:4)
  An adder skeleton (D:4)
  2 orcs
  A goblin (D:2)
  4 kobolds
11 creatures vanquished.

Vanquished Creatures (others)
  2 slaves (D:8)
  A centaur (D:8)
  A jackal (D:8)
4 creatures vanquished.

Grand Total: 221 creatures vanquished

Notes
Turn   | Place    | Note
-------+----------+-------------------------------------------
     0 | D:1      | grindst0ne the Merfolk Transmuter began the quest for the Orb.
     0 | D:1      | Reached XP level 1. HP: 15/15 MP: 3/3
    44 | D:1      | Reached skill level 3 in Transmutations
    90 | D:1      | Reached XP level 2. HP: 6/21 MP: 3/5
  1025 | D:2      | Reached skill level 4 in Transmutations
  1025 | D:2      | Reached XP level 3. HP: 26/26 MP: 4/6
  1066 | D:2      | Learned a level 3 spell: Spider Form
  1069 | D:2      | Learned a level 2 spell: Sticks to Snakes
  1253 | D:2      | Found a basalt altar of Yredelemnul.
  1548 | D:3      | Noticed grindst0ne's ghost (weakling MfTm)
  1797 | D:3      | Killed grindst0ne's ghost
  1797 | D:3      | Reached skill level 5 in Transmutations
  1797 | D:3      | Reached XP level 4. HP: 27/32 MP: 2/7
  2651 | D:3      | Reached XP level 5. HP: 33/37 MP: 2/8
  2984 | D:4      | Found Jinim's Distillery.
  2990 | D:4      | Reached skill level 6 in Transmutations
  3000 | D:4      | Bought a potion of flight for 30 gold pieces
  3000 | D:4      | Bought a potion of berserk rage for 50 gold pieces
  3000 | D:4      | Bought a potion of brilliance for 40 gold pieces
  3010 | D:4      | Found Afapen's Antique Armour Boutique.
  3294 | D:4      | Found a sparkling altar of Nemelex Xobeh.
  3324 | D:4      | Reached skill level 5 in Unarmed Combat
  3324 | D:4      | Reached XP level 6. HP: 39/43 MP: 5/9
  3325 | D:4      | Found Bikoga's Antique Armour Shop.
  3391 | D:4      | Found Luditsie's Gadget Boutique.
  3833 | D:4      | Found Voppueme's Armour Emporium.
  3874 | D:4      | Reached skill level 7 in Transmutations
  3917 | D:5      | Entered Level 5 of the Dungeon
  4369 | D:5      | Reached skill level 8 in Transmutations
  4369 | D:5      | Reached XP level 7. HP: 43/48 MP: 3/10
  4423 | D:5      | Learned a level 4 spell: Ice Form
  4440 | D:5      | Found an ornate altar of the Wu Jian Council.
  4451 | D:5      | Got a colourful robe
  4716 | D:5      | Found a hazy altar of Hepliaklqana.
  4728 | D:5      | Identified the +1 robe of Anaosaurgh {rN+} (You found it on level 5 of the Dungeon)
  4856 | D:5      | Found a runed door.
  4876 | D:5      | Noticed Blork the orc
  4894 | D:5      | Killed Blork the orc
  5085 | D:5      | Got a smoking iron ring
  5086 | D:5      | Identified the ring "Ucwanle" {+Blink Int-2 SInv Stlth-} (You found it on level 5 of the Dungeon)
  5158 | D:5      | Reached skill level 9 in Transmutations
  5705 | D:5      | Reached XP level 8. HP: 54/54 MP: 7/11
  5765 | D:5      | Reached skill level 10 in Transmutations
  5781 | D:5      | Noticed Menkaure
  5790 | D:5      | Killed Menkaure
  6181 | D:5      | Noticed Crazy Yiuf
  6189 | D:5      | Killed Crazy Yiuf
  6468 | D:6      | Found a shadowy altar of Dithmenos.
  6599 | D:6      | Reached skill level 11 in Transmutations
  7117 | D:6      | Reached XP level 9. HP: 58/58 MP: 4/12
  7463 | D:7      | Reached skill level 12 in Transmutations
  7533 | D:7      | Found a staircase to the Ecumenical Temple.
  7568 | Temple   | Entered the Ecumenical Temple
  7640 | Temple   | Became a worshipper of Gozag Ym Sagoz the Greedy
  8034 | D:7      | Noticed an angel
  8054 | D:7      | Found a glowing silver altar of Zin.
  8054 | D:7      | Found a shimmering altar of Xom.
  8934 | D:8      | Found a sacrificial altar of Ru.
  8999 | D:8      | Noticed Pikel
  9038 | D:8      | Killed Pikel
  9038 | D:8      | Reached skill level 13 in Transmutations
  9774 | D:8      | Noticed a two-headed ogre
  9784 | D:8      | Reached skill level 14 in Transmutations
  9844 | D:8      | Killed a two-headed ogre
  9844 | D:8      | Reached XP level 10. HP: 15/65 MP: 13/13
 10561 | D:9      | Found a shadowy altar of Dithmenos.
 10700 | D:9      | Found a white marble altar of Elyvilon.
 10745 | D:9      | Reached skill level 15 in Transmutations
 11086 | D:9      | Reached skill level 10 in Unarmed Combat
 11194 | D:9      | Found a staircase to the Lair.
 11549 | D:9      | Found a blossoming altar of Fedhas.
 11932 | D:10     | Entered Level 10 of the Dungeon
 11952 | D:10     | Found a staircase to the Orcish Mines.
 11971 | D:10     | HP: 1/65 [orc warrior/glaive of flaming (22)]
 11971 | D:10     | Mangled by an orc warrior

Vault maps used:
D:1:      minmay_arrival_solitary_statue
D:2:      minmay_diamond_boxcup, old_standard_altar, first_bread
D:4:      nemelex_xobeh_ov_fountains_minmay, serial_shops, shop, shop, shop,
          shop, shop, serial_bayou_pond_b
D:5:      kennysheep_little_box, basic_altar, nicolae_underground_beach,
          uniq_blork_the_orc, uniq_menkaure, uniq_crazy_yiuf_cottage
D:6:      basic_altar
D:7:      grunt_temple_overflow_order_and_chaos_1, minmay_temple_entry_trees,
          kennysheep_generic_room_2
D:8:      marbit_many_paths, uniq_pikel
D:9:      fedhas_altar_3, elyvilon_altar_1, old_standard_altar,
          minmay_lair_entry_lava, grunt_ogre_cave
D:10:     hiddenorc2_lemuel, nrook_pool_corridor, minivault_5, minivault_19
Temple:   cyrus_circular_temple

Skill      XL: |  1  2  3  4  5  6  7  8  9 10 |
---------------+-------------------------------+-----
Transmutations | 3 4 5 6 8 9 11 14 15 | 15.4
Unarmed Combat | 4 5 6 7 9 10 | 10.2
Fighting       | |  1.1
Dodging        | |  2.6
Spellcasting   | |  2.0

Action                   |  1- 3 |  4- 6 |  7- 9 | 10-12 || total
-------------------------+-------+-------+-------+-------++-------
Melee: Unarmed           |    76 |   122 |   339 |   109 ||   646
       Headbutt          |     8 |       |       |       ||     8
       Punch             |     1 |     2 |     2 |       ||     5
 Cast: Beastly Appendage |    16 |       |       |       ||    16
       Spider Form       |     5 |    20 |    53 |    21 ||    99
       Sticks to Snakes  |     2 |    10 |     9 |     7 ||    28
Evoke: Wand              |       |       |     2 |     1 ||     3
  Use: Potion            |     1 |     1 |     1 |     1 ||     4
       Scroll            |       |     4 |     7 |     9 ||    20
 Stab: Sleeping          |     2 |       |       |       ||     2
       Distracted        |       |       |     3 |       ||     3
  Eat: Chunk             |     3 |     9 |    13 |       ||    25
       Bread ration      |       |     1 |     3 |     3 ||     7
Armor: Robe              |    37 |    12 |    12 |     3 ||    64
       Skin              |     2 |     6 |    20 |     4 ||    32
Dodge: Dodged            |    74 |   109 |   259 |    82 ||   524
